 Dungeon Crawl Stone Soup version 0.31-a0-232-gb1c03b2570 (webtiles) character file.

Game seed: 7635871041171264402

43 qw the Shooter (level 3, -1/21 HPs)
             Began as a Gargoyle Hexslinger on July 7, 2023.
             Slain by a gnoll
             ... wielding a +0 whip
              (4 damage)
             ... on level 1 of the Dungeon.
             The game lasted 00:00:25 (835 turns).

qw the Shooter (Gargoyle Hexslinger)                 Turns: 835, Time: 00:00:26

Health: -1/21      AC:  9    Str: 11    XL:     3   Next: 58%
Magic:  4/4        EV: 10    Int: 13    God:
Gold:   30         SH:  0    Dex: 14    Spells: 3/4 levels left

rFire   . . .        Y - +1 sling
rCold   . . .        (no shield)
rNeg    + . .        k - +0 ring mail
rPois   inf          (no helmet)
rElec   +            (no cloak)
rCorr   .            (no gloves)
SInv    .            j - +0 pair of boots
Will    .....        (no amulet)
Stlth   +            (no ring)
HPRegen 0.23/turn    (no ring)
MPRegen 0.09/turn

%: no passive effects
@: no status effects
A: sickness immunity, AC +3, negative energy resistance 1, electricity
resistance, torment resistance 1, petrification resistance
a: no special abilities


You were on level 1 of the Dungeon.
You visited 1 branch of the dungeon, and saw 2 of its levels.

You collected 30 gold pieces.


Innate Abilities, Weirdness & Mutations

You are immune to sickness and miasma.
Your stone body is resilient. (AC +3)
You are immune to poison.
You resist negative energy. (rN+)
You are resistant to electric shocks. (rElec)
You are resistant to unholy torment.
You are immune to petrification.


   Skills:
 - Level 2.0 Fighting
 + Level 3.2 Ranged Weapons
 - Level 1.0 Armour
 - Level 1.5 Dodging
 - Level 1.0 Spellcasting
 - Level 2.6 Hexes


You had 3 spell levels left.
You knew the following spells:

 Your Spells              Type           Power      Damage    Failure   Level
a - Slow                  Hex            28%        N/A       22%         1

Your spell library contained the following spells:

 Spells                   Type           Power      Damage    Failure   Level
 Inner Flame              Hex/Fire       4%         N/A       75%         3
 Portal Projectile        Hex/Tloc       8%         N/A       75%         3
 Cause Fear               Hex            3%         N/A       91%         4

Inventory:

Hand Weapons
 Y - a +1 sling (weapon)
Armour
 j - a +0 pair of boots (worn)
 k - a +0 ring mail (worn)
Potions
 d - 2 potions of enlightenment
 f - a potion of brilliance {unknown}
 g - a potion of degeneration {unknown}
 n - a potion of heal wounds {unknown}

Dungeon Overview and Level Annotations

Branches:
Dungeon (2/15)

Altars:


Message History

The sling bullet hits the gnoll but does no damage.
The bat hits you but does no damage.
An endoplasm comes into view.
The gnoll hits you but does no damage.
You shoot a sling bullet.
The sling bullet hits the gnoll but does no damage.
The bat hits you but does no damage. The gnoll closely misses you.
The bat barely misses you. The gnoll hits you with a +0 whip.
825 ||| STAIRDANCE The gnoll hits you but does no damage.
The bat barely misses you.
You climb upwards.
There is a stone staircase leading down here.
You shoot a sling bullet. The sling bullet hits the gnoll.
The gnoll is moderately wounded.
The gnoll hits you with a +0 whip.
You shoot a sling bullet.
The sling bullet closely misses the gnoll.
The gnoll hits you but does no damage.
You shoot a sling bullet.
The sling bullet barely misses the gnoll.
The gnoll closely misses you.
You shoot a sling bullet. The sling bullet hits the gnoll.
The gnoll is moderately wounded.
The gnoll hits you with a +0 whip. x2
You shoot a sling bullet.
The sling bullet completely misses the gnoll.
The gnoll hits you with a +0 whip.
You shoot a sling bullet. The sling bullet hits the gnoll.
The gnoll is severely wounded.
The gnoll hits you but does no damage. The gnoll closely misses you.
You shoot a sling bullet. The sling bullet hits the gnoll.
The gnoll is almost dead.
The gnoll hits you with a +0 whip.
You shoot a sling bullet.
The sling bullet closely misses the gnoll.
The gnoll hits you but does no damage.
You shoot a sling bullet.
The sling bullet barely misses the gnoll.
The gnoll hits you with a +0 whip.
You die...

#...... #.##.## #.##.#.
#.##... #########.####.
###########.####.
###....######......
#####..............###.
#....)@.##%#######.###.
#.###g..##.####......##
#.#.....##.####.#......
##.#.#..###.####?#..#.##
#####....#.[###.####.#......
#............r...#.r......##
#.###.#.####.g...#r#.#.#..#.
#.###.#.# #...........[....
#.##..#.# #.....#.###......


You could see a gnoll.

Vanquished Creatures
  A gnoll (D:1)
  5 ball pythons (D:1)
  2 bats (D:1)
  4 endoplasms (D:1)
  3 giant cockroaches (D:1)
  5 hobgoblins (D:1)
  4 kobolds (D:1)
  A frilled lizard (D:1)
  2 goblins
27 creatures vanquished.

Notes
Turn   | Place    | Note
-------+----------+-------------------------------------------
     0 | D:1      | qw the Gargoyle Hexslinger began the quest for the Orb.
     0 | D:1      | Reached XP level 1. HP: 12/12 MP: 2/2
     0 | D:1      | 0 ||| qw: Version: 0.3-a-46-gb1f654a
     0 | D:1      | 0 ||| qw: Game counter: 2660
     0 | D:1      | 0 ||| qw: Melee chars always use a shield: true
     0 | D:1      | 0 ||| qw: God list: Okawaru
     0 | D:1      | 0 ||| qw: Allow faded altars: false
     0 | D:1      | 0 ||| qw: Do Orc after clearing Dungeon:15 true
     0 | D:1      | 0 ||| qw: Do second Lair branch before Depths: true
     0 | D:1      | 0 ||| qw: Lair rune preference: random
     0 | D:1      | 0 ||| qw: Goals: Normal
     0 | D:1      | 0 ||| PLANNING D:1-11
   110 | D:1      | Reached XP level 2. HP: 11/16 MP: 3/3
   188 | D:1      | Reached skill level 3 in Ranged Weapons
   340 | D:1      | Reached XP level 3. HP: 21/21 MP: 4/4
   699 | D:1      | 699 ||| UPGRADING to +0 pair of boots.
   704 | D:1      | 704 ||| UPGRADING to +0 ring mail.
   714 | D:1      | 714 ||| DROPPING +0 robe.
   715 | D:1      | 715 ||| READING scroll labelled XAOCIA KEARAI.
   718 | D:1      | 718 ||| READING scroll labelled MYIC EKASOCUNO.
   719 | D:1      | 719 ||| READING 2 scrolls labelled XER FEMINU.
   720 | D:1      | 720 ||| READING scroll labelled JYXUF PETICSU.
   721 | D:1      | 721 ||| READING scroll labelled HUAFER MUVIDO.
   722 | D:1      | 722 ||| DRINKING 3 green potions.
   723 | D:1      | 723 ||| DROPPING scroll of poison.
   724 | D:1      | 724 ||| DROPPING scroll of revelation.
   746 | D:2      | 746 ||| STAIRDANCE
   748 | D:1      | HP: 4/21 [gnoll/+0 flail (9)]
   750 | D:1      | Reached skill level 1 in Armour
   825 | D:2      | 825 ||| STAIRDANCE
   831 | D:1      | HP: 4/21 [gnoll/+0 whip (5)]
   835 | D:1      | Slain by a gnoll

Levels and vault maps discovered:
D:1:      lemuel_arrival_river_bridge, layout_loops_cross, minmay_tetromino_l2
D:2:      kennysheep_big_flooded_room, layout_rooms

Skill      XL: |  1  2  3 |
---------------+----------+-----
Ranged Weapons | 3 |  3.2
Fighting       | 2 |  2.0
Armour         | 1 |  1.0
Dodging        | |  1.5
Spellcasting   | |  1.0
Hexes          | |  2.6

Action                     || total
---------------------------++-------
   Fire: Sling             ||   106
    Use: Scroll            ||     5
         Potion            ||     1
 Armour: Robe              ||     9
         Ring mail         ||    15
  Dodge: Dodged            ||    44

Table legend:
 A = Non-vault XP
 B = Vault XP
 C = Vault XP percentage of total XP
 D = Non-vault monster count
 E = Vault monster count
 F = Vault count percentage of total count
                 A         B        C        D         E       F
            +---------+---------+-------+---------+---------+-------
      Total |      60 |       2 |   3.2 |      26 |       1 |   3.7
            +---------+---------+-------+---------+---------+-------
        D:1 |      58 |       2 |   3.3 |      25 |       1 |   3.8
        D:2 |       2 |       0 |   0.0 |       1 |       0 |   0.0
            +---------+---------+-------+---------+---------+-------
